 Dungeon Crawl Stone Soup version 0.25.1-2-g60ff931df9 (webtiles) character file.

Game seed: 12293602794832791671

65 selver the Sneak (level 4, 0/40 HPs)
             Began as an Octopode Wizard on Oct 26, 2020.
             Slain by a water moccasin (4 damage)
             ... on level 3 of the Dungeon.
             The game lasted 00:10:16 (2285 turns).

selver the Sneak (Octopode Wizard)                  Turns: 2285, Time: 00:10:16

Health: 0/40       AC: 22    Str:  7    XL:     4   Next: 14%
Magic:  0/8        EV:  2    Int: 20    God:
Gold:   41         SH:  0    Dex: 10    Spells: 4/9 levels left

rFire    . . .     SeeInvis .   d - +0 dagger
rCold    . . .     Gourm    .   (no shield)
rNeg     + + +     Faith    .   (helmet currently unavailable)
rPois    +         Spirit   .   (no amulet)
rElec    .         Reflect  .   (no ring)
rCorr    .         Harm     .   (no ring)
MR       .....     NoTele   +   (no ring)
Stlth    ++........             (no ring)
HPRegen  0.13/turn              (no ring)
MPRegen  0.11/turn              (no ring)
                                (no ring)
                                (no ring)

@: tree-form, very slightly contaminated
A: almost no armour, stealthy swim, (amphibious), 8 rings, (constrict 8)
a: no special abilities


You were on level 3 of the Dungeon.
You were not hungry.
You were a tree.
You visited 1 branch of the dungeon, and saw 3 of its levels.

You collected 41 gold pieces.

Inventory:

Hand Weapons
 d - a +0 dagger (weapon)
Armour
 a - a +0 hat (melded)
Wands
 g - a wand of flame (18)
Scrolls
 h - a scroll of enchant weapon {unknown}
Comestibles
 b - a chunk of flesh
 c - 6 rations


   Skills:
 - Level 0.5 Fighting
 - Level 2.0 Dodging
 + Level 3.8 Stealth
 - Level 3.3 Spellcasting
 - Level 2.4 Conjurations
 * Level 1.5 Summonings
 - Level 1.0 Translocations


You had 4 spell levels left.
You knew the following spells:

 Your Spells              Type           Power        Failure   Level  Hunger
a - Magic Dart            Conj           ##..         4%          1    None
b - Call Imp              Summ           #.......     11%         2    ##.....
c - Blink                 Tloc           N/A          14%         2    ##.....

Your spell library contained the following spells:

 Spells                   Type           Power        Failure   Level  Hunger
 Slow                     Hex            #.......     22%         2    ##.....
 Conjure Flame            Conj/Fire      #.......     26%         3    ###....
 Mephitic Cloud           Conj/Pois/Air  #.......     30%         3    ###....


Dungeon Overview and Level Annotations

Branches:
Dungeon (3/15)

Altars:

Annotations:
D:2 Robin


Innate Abilities, Weirdness & Mutations

You cannot wear most types of armour.
You are very stealthy in the water. (Stealth+)
((You are amphibious.))
You can wear up to eight rings at the same time.
((You can use your tentacles to constrict eight enemies at once.))
((Your skin changes colour to match your surroundings (Stealth+).))
((Your rubbery body absorbs attacks. (AC +1, EV +1)))


Message History

Aim: a water moccasin (heavily wounded)
The magic dart hits the water moccasin.
The water moccasin is heavily wounded.
The water moccasin bites you.
* * * LOW HITPOINT WARNING * * *
The worm bites you but does no damage.
Casting: Magic Dart (safe; 4% risk of failure)
Confirm with . or Enter, or press ? or * to list all spells.
You don't have enough magic to cast that spell.
You hit the water moccasin but do no damage.
The water moccasin is heavily wounded.
The water moccasin bites you but does no damage. x2
You closely miss the water moccasin.
The water moccasin is heavily wounded.
The worm bites you but does no damage.
The water moccasin bites you but does no damage.
You closely miss the water moccasin.
The water moccasin is heavily wounded.
The water moccasin bites you.
You die...

... ###.. ....#
#...
.###..##########.
........$..w......
..##......♣S......
.....##...#######.
#.........#.....
#.....#......#
####.....##.##
#...#.....#.
#####...####....
......#.#.......
..........#......


You could see a water moccasin and a worm.

Vanquished Creatures
  Terence (D:2)
  A dart slug (D:3)
  2 leopard geckos (D:1)
  5 goblins
  6 hobgoblins
  5 jackals
  6 kobolds
  A ball python (D:3)
  5 bats
  3 frilled lizards
  3 rats (D:2)
38 creatures vanquished.

Vanquished Creatures (collateral kills)
  A goblin (D:3)
  2 hobgoblins (D:2)
  A jackal (D:2)
  A kobold (D:3)
  A frilled lizard (D:2)
6 creatures vanquished.

Grand Total: 44 creatures vanquished

Notes
Turn   | Place    | Note
-------+----------+-------------------------------------------
     0 | D:1      | selver the Octopode Wizard began the quest for the Orb.
     0 | D:1      | Reached XP level 1. HP: 11/11 MP: 4/4
   201 | D:1      | Reached XP level 2. HP: 17/17 MP: 1/6
  1164 | D:1      | Learned a level 2 spell: Call Imp
  1412 | D:2      | Reached XP level 3. HP: 22/22 MP: 7/7
  1413 | D:2      | Noticed Terence
  1446 | D:2      | Killed Terence
  1971 | D:2      | Reached XP level 4. HP: 27/27 MP: 0/8
  2056 | D:2      | Learned a level 2 spell: Blink
  2103 | D:2      | Noticed Robin
  2259 | D:3      | Noticed a water moccasin
  2285 | D:3      | Slain by a water moccasin

Illustrated notes

Levels and vault maps discovered:
D:1:      saegor_arrival_simple_b, layout_basic
D:2:      layout_rooms, first_ration, minivault_24, uniq_robin, uniq_terence
D:3:      layout_rooms

Skill      XL: |  1  2  3 |
---------------+----------+-----
Stealth        | 3 |  3.8
Conjurations   | 2 |  2.4
Fighting       | |  0.5
Dodging        | |  2.0
Spellcasting   | |  3.3
Summonings     | |  1.5
Translocations | |  1.0

Action                   |  1- 3 |  4- 6 || total
-------------------------+-------+-------++-------
Melee: Unarmed           |     3 |       ||     3
       Dagger            |    30 |    14 ||    44
       Tentacles         |     7 |     1 ||     8
       Constrict         |     9 |     1 ||    10
 Cast: Magic Dart        |    50 |    18 ||    68
       Call Imp          |     3 |     2 ||     5
  Use: Potion            |       |     4 ||     4
 Stab: Sleeping          |     5 |       ||     5
  Eat: Chunk             |     3 |     1 ||     4
Armor: Skin              |     6 |    18 ||    24
Dodge: Dodged            |    35 |    15 ||    50
